 Dungeon Crawl Stone Soup version bcrawl-1.37.1 (webtiles) character file.

Game seed: 11640193727974060082

390641 Fulminus the Arsonist (level 11, -4/71 HPs)
             Began as a Fairy Wizard on Oct 4, 2022.
             Was a Priest of Vehumet.
             Slain by a freezing wraith (11 damage)
             ... summoned by a flying skull
             ... in a Gauntlet on Oct 11, 2022.
             The game lasted 01:03:51 (10587 turns).

Fulminus the Arsonist (Fairy Wizard)               Turns: 10587, Time: 01:03:51

Health: -4/71      AC:  6    Str:  5    XL:     11   Next: 98%
Magic:  8/25       EV: 20    Int: 29    God:    Vehumet [***...]
Gold:   750        SH: 11    Dex: 12    Spells: 6/27 levels left

rFire    + . .     GDR:     24% q - +7 short sword of Lies {holy, Int+5}
rCold    . . .     SeeInvis .   (shield restricted)
rNeg     . . .     Gourm    .   (armour unavailable)
rPois    .         Faith    .   b - +0 hat
rElec    .         Spirit   .   (no cloak)
rCorr    .         Reflect  +   (no gloves)
MR       .....     NoTele   +   (no boots)
Stlth    +++.......             j - +5 amulet of reflection
HPRegen  0.21/turn              m - ring "Huhotz" {rF+ Stlth++}
MPRegen  0.19/turn              (no ring)

@: vulnerable, marked, flying evasively
A: small, magic attunement, unstealthy, unfitting armour, able to fly, AC/SH +6
a: Stop Flying, Renounce Religion


You were in a Gauntlet.
You worshipped Vehumet.
Vehumet was most pleased with you.
You were not hungry.

You visited 3 branches of the dungeon, and saw 13 of its levels.
You also visited: Gauntlet.

You collected 820 gold pieces.
You spent 70 gold pieces at shops.

Inventory:

Hand Weapons
 a - a +1 staff of draining
 q - the +7 short sword of Lies (weapon) {holy, Int+5}
   (You found it on level 7 of the Dungeon)

   It has been blessed by the Shining One to cause great damage to the undead
   and demons.
   It affects your intelligence (+5).
Armour
 b - a +0 hat (worn)
 w - a +0 buckler of poison resistance
Jewellery
 f - an uncursed amulet of the gourmand
 j - a +5 amulet of reflection (around neck)
 m - the ring "Huhotz" (left hand) {rF+ Stlth++}
   (You found it in a Gauntlet)

   [ring of stealth]

   It protects you from fire.
   It makes you much more stealthy.
Wands
 l - a wand of scattershot (2)
 n - a wand of polymorph (16)
 u - a wand of acid (5)
Scrolls
 g - a scroll of teleportation
 i - 10 scrolls of identify
 r - a scroll of remove curse
Potions
 d - a potion of brilliance
 h - a potion of haste
 k - a potion of agility
Miscellaneous
 p - a lamp of fire (inert)
Comestibles
 e - 15 rations {!d}


   Skills:
 + Level 5.0 Fighting
 + Level 4.5 Staves
 + Level 8.5 Dodging
 - Level 1.5 Stealth
 + Level 2.5 Shields
 + Level 8.7 Spellcasting
 + Level 7.6 Conjurations
   Level 1.1 Summonings
 - Level 1.1 Translocations
 * Level 10.1 Fire Magic
 * Level 10.0 Air Magic
 + Level 5.7 Evocations


You had 6 spell levels left.
You knew the following spells:

 Your Spells              Type           Power        Failure   Level  Hunger
a - Magic Dart            Conj           ####         1%          1    None
b - Conjure Flame         Conj/Fire      ######..     1%          3    None
c - Mephitic Cloud        Conj/Pois/Air  #####...     1%          3    None
d - Blink                 Tloc           N/A          4%          2    None
e - Shock                 Conj/Air       ######.      1%          2    None
f - Sticky Flame          Conj/Fire      ######..     1%          4    None
g - Searing Ray           Conj           ######..     1%          2    None
h - Lightning Bolt        Conj/Air       ######..     1%          4    None

Your spell library contained the following spells:

 Spells                   Type           Power        Failure   Level  Hunger
 Freeze                   Ice            ##....       1%          1    None
 Throw Frost              Conj/Ice       ####..       1%          2    None
 Ignite Poison            Fire/Tmut/Pois ####....     1%          3    None
 Iskenderun's Mystic Bla  Conj           ######..     1%          3    None
 Fulminant Prism          Conj/Hex       ####......   2%          4    None
 Throw Icicle             Conj/Ice       ####....     2%          4    None
 Call Imp                 Summ           ###...       4%          2    None
 Sublimation of Blood     Necr           ##........   6%          2    None
 Irradiate                Conj/Tmut      ####......   7%          5    None
 Ozocubu's Armour         Chrm/Ice       ##......     13%         3    None
 Spider Form              Tmut/Pois      ##.          13%         3    None
 Summon Ice Beast         Ice/Summ       ###.....     34%         4    None
 Ice Form                 Ice/Tmut       ##......     38%         4    None
 Petrify                  Tmut/Erth      ##........   38%         4    None
 Ozocubu's Refrigeration  Ice            ##........   82%         6    None
 Virulence                Hex/Pois       ##......     100%        6    None


Dungeon Overview and Level Annotations

Branches:
Dungeon (10/12)            Temple (1/1) D:6            Lair (2/6) D:9
  Swamp: Lair:2-4    Shoals: Lair:2-4     Snake: Lair:2-4    Spider: Lair:2-4
    Orc: D:8-11

Altars:
Ashenzari
Cheibriados
Dithmenos
Elyvilon
Fedhas
Gozag
Kikubaaqudgha
Lugonu
Makhleb
Nemelex Xobeh
Okawaru
Qazlal
Ru
Trog
Uskayaw
Vehumet
Wu Jian
Xom
Yredelemnul
Zin

Shops:
D:7 *   D:8 !   D:10 =

Annotations:
Lair:2 exclusion: oklob plant Gauntlet 7 transporters


Innate Abilities, Weirdness & Mutations

Your spells do not cause hunger and MP costs are reduced by 1.
Your bright wings attract enemies. (Stealth-)
You cannot fit into any form of body armour.
Your shimmering scales are hard and can block incoming attacks. (AC +6, SH +6)
You are small and have problems with some larger weapons.
You can fly continuously.


Message History

Aim: a flying skull (flame, moderately damaged)
The searing ray hits the flying skull!
The flying skull is heavily damaged. (Press . to maintain the ray.)
The flying skull hits you!
* * * LOW HITPOINT WARNING * * *
The flying skull is engulfed in blazing flames.
You block the flying skull's attack. The flying skull screams at you!
You feel haunted.
The freezing wraith is engulfed in blazing flames.
The freezing wraith misses you. You block the freezing wraith's attack.
You feel better. The flying skull completely misses you.
You block the flying skull's attack. The flying skull hits you!
* * * LOW HITPOINT WARNING * * *
The flying skull is engulfed in blazing flames.
You block the flying skull's attack.
The freezing wraith is engulfed in blazing flames.
The freezing wraith misses you. The freezing wraith hits you!
You die...

#.....#.©.#.........#.©.#
#8....#...#....⌠....#...#
#.....#.©.#.........#.©.#
#..###########...########
#..#.........#...#hR...○.
#..#.#.#.#.#.#...#h###...
#..#..#.#W#..#...#E..###.
#..#.#W#z#z#.#...#.#...##
#..#..#z@W#..#...#.###©..
#..#.#W#☼#☼#.#...#...###.
#..#..#W#.#.°#...#.#...#.
#..#.#.#.#.#.#...#.###...
#..#...(©)[..#...#..!"©=.
#..###########...########
#........................
#8............8⌠8........
#########################


You could see 5 freezing wraiths and 3 flying skulls.

Vanquished Creatures
  A wolf spider zombie (D:9)
  Pikel (D:8)
  3 cane toads
  3 flying skulls (Gauntlet)
  2 komodo dragons (Lair:1)
  4 trolls
  A hornet (D:10)
  3 blink frogs (Lair:1)
  6 shadows (Gauntlet)
  A ynoxinul (Gauntlet)
  4 yaks
  A vampire (D:9)
  A human (D:9)
  3 hogs (D:9)
  3 hungry ghosts
  4 crocodiles
  Duvessa (D:7)
  4 porcupines
  3 water moccasins
  A slave (D:8)
  2 orc warriors
  A phantom (D:6)
  A sky beast (D:5)
  A black bear (shapeshifter) (D:9)
  4 black bears
  2 ice beasts (D:9)
  3 wolves (D:9)
  4 ogres
  3 bullfrogs
  2 kobold brigands
  A wyvern zombie (D:7)
  Dowan (D:7)
  3 centaurs
  3 scorpions
  2 hornet simulacra (D:9)
  5 killer bees (D:9)
  4 wights
  A howler monkey (D:9)
  An electric eel (D:9)
  2 orc priests
  2 crimson imps (D:4)
  A jelly (D:7)
  A quasit (D:7)
  4 hounds
  4 bullfrog zombies
  3 bullfrog skeletons
  A water moccasin simulacrum (D:9)
  2 iron imps (Gauntlet)
  3 iguanas
  3 orc wizards
  A worker ant (D:6)
  3 hound skeletons
  A worker ant zombie (D:8)
  11 gnolls
  A howler monkey zombie (D:6)
  A howler monkey skeleton (D:8)
  5 adders
  A white imp (D:9)
  An ufetubus (D:9)
  An adder zombie (D:6)
  An adder skeleton (D:4)
  2 dart slugs
  3 worms
  8 leopard geckos
  18 orcs
  A ball python (D:1)
  10 bats
  3 giant cockroaches
  4 goblins
  9 hobgoblins
  7 jackals
  2 quokkas (D:1)
  5 frilled lizards
  A jackal zombie (D:7)
  10 kobolds
  23 rats
253 creatures vanquished.

Vanquished Creatures (others)
  A centaur (D:8)
  A bush (D:9)
  A fungus (D:9)
  7 plants (D:9)
10 creatures vanquished.

Grand Total: 263 creatures vanquished

Notes
Turn   | Place    | Note
-------+----------+-------------------------------------------
     0 | D:1      | Fulminus the Fairy Wizard began the quest for the Orb.
     0 | D:1      | Reached XP level 1. HP: 11/11 MP: 7/7
   144 | D:1      | Reached XP level 2. HP: 13/17 MP: 9/9
   348 | D:1      | Reached XP level 3. HP: 21/21 MP: 11/11
   407 | D:1      | Learned a level 3 spell: Conjure Flame
   411 | D:1      | Learned a level 3 spell: Mephitic Cloud
   981 | D:2      | Reached skill level 1 in Fire Magic
   995 | D:2      | Reached XP level 4. HP: 20/27 MP: 12/12
  1098 | D:1      | Reached skill level 1 in Air Magic
  1473 | D:2      | Reached XP level 5. HP: 27/31 MP: 10/14
  1600 | D:3      | Upgraded the game from bcrawl-1.37 to bcrawl-1.37.1
  1608 | D:3      | Reached skill level 5 in Spellcasting
  1703 | D:3      | Learned a level 2 spell: Blink
  1837 | D:3      | Found a corrupted altar of Lugonu.
  1850 | D:3      | Noticed an ogre
  1857 | D:3      | Killed an ogre
  1858 | D:3      | Reached XP level 6. HP: 36/36 MP: 8/15
  2614 | D:4      | Noticed a black bear
  2747 | D:4      | Killed a black bear
  2748 | D:4      | Reached XP level 7. HP: 42/42 MP: 9/17
  2815 | D:4      | Found an iron altar of Okawaru.
  3141 | D:5      | Entered Level 5 of the Dungeon
  3197 | D:5      | Reached skill level 1 in Fighting
  3767 | D:6      | Reached XP level 8. HP: 47/48 MP: 18/18
  3792 | D:6      | Reached skill level 5 in Dodging
  3798 | D:6      | Reached skill level 5 in Fire Magic
  3802 | D:6      | Reached skill level 1 in Evocations
  3931 | D:6      | Reached skill level 1 in Staves
  3931 | D:6      | Reached skill level 5 in Air Magic
  4071 | D:6      | Found a staircase to the Ecumenical Temple.
  4079 | Temple   | Entered the Ecumenical Temple
  4135 | Temple   | Became a worshipper of Vehumet
  4655 | D:6      | Reached skill level 5 in Conjurations
  4745 | D:6      | Reached XP level 9. HP: 55/55 MP: 20/20
  4817 | D:7      | Noticed a troll
  5130 | D:7      | Noticed Dowan
  5131 | D:7      | Noticed Duvessa
  5139 | D:7      | Killed Duvessa
  5142 | D:7      | Killed Dowan
  5146 | D:7      | Killed a troll
  5207 | D:7      | Found Biarist's General Store.
  5542 | D:7      | Got a crystal short sword
  5543 | D:7      | Identified the +7 short sword of Lies {holy, Int+5} (You
                  | found it on level 7 of the Dungeon)
  5724 | D:7      | Noticed a troll
  5734 | D:7      | Reached * piety under Vehumet
  5734 | D:7      | Offered knowledge of Flame Tongue by Vehumet.
  5740 | D:7      | Killed a troll
  6219 | D:8      | Found Uryel's Distillery.
  6222 | D:8      | Bought a potion of heal wounds for 70 gold pieces
  6309 | D:8      | Noticed a troll
  6413 | D:8      | Noticed Pikel
  6435 | D:8      | Killed Pikel
  6436 | D:8      | Reached XP level 10. HP: 50/63 MP: 19/22
  7078 | D:9      | Reached ** piety under Vehumet
  7157 | D:9      | Offered knowledge of Shock by Vehumet.
  7169 | D:9      | Learned a level 2 spell: Shock
  7314 | D:9      | Noticed a salamander
  7729 | D:9      | Found a staircase to the Lair.
  7920 | D:9      | Offered knowledge of Stone Arrow by Vehumet.
  7955 | D:9      | Reached XP level 11. HP: 14/69 MP: 11/25
  8474 | D:9      | Reached skill level 5 in Evocations
  8673 | D:10     | Entered Level 10 of the Dungeon
  8725 | D:10     | Found Xexoas's Jewellery Emporium.
  8785 | D:10     | Learned a level 4 spell: Sticky Flame
  8860 | Lair:1   | Entered Level 1 of the Lair of Beasts
  8893 | Lair:1   | Reached *** piety under Vehumet
  9180 | Lair:1   | Reached skill level 1 in Shields
  9980 | Lair:2   | Noticed an oklob plant
 10052 | Lair:2   | Found a gate leading to a gauntlet.
 10064 | Gauntlet | Entered a Gauntlet
 10064 | Gauntlet | Found a transporter.
 10064 | Gauntlet | Found a transporter.
 10081 | Gauntlet | Found a transporter.
 10083 | Gauntlet | Found a transporter.
 10092 | Gauntlet | Noticed a ghost crab
 10093 | Gauntlet | Found a transporter.
 10097 | Gauntlet | Found a transporter.
 10107 | Gauntlet | Found a transporter.
 10128 | Gauntlet | Found a transporter.
 10134 | Gauntlet | Found a transporter.
 10138 | Gauntlet | Found a transporter.
 10148 | Gauntlet | Found a transporter.
 10152 | Gauntlet | Found a transporter.
 10288 | Gauntlet | Learned a level 2 spell: Searing Ray
 10446 | Gauntlet | Reached skill level 10 in Fire Magic
 10447 | Gauntlet | Offered knowledge of Lightning Bolt by Vehumet.
 10453 | Gauntlet | Learned a level 4 spell: Lightning Bolt
 10551 | Gauntlet | Got a pitted glass ring
 10552 | Gauntlet | Identified the ring "Huhotz" {rF+ Stlth++} (You found it in
                  | a Gauntlet)
 10579 | Gauntlet | Noticed a phantasmal warrior
 10579 | Gauntlet | Noticed a phantasmal warrior
 10582 | Gauntlet | Reached skill level 5 in Fighting
 10584 | Gauntlet | Reached skill level 10 in Air Magic
 10585 | Gauntlet | Noticed a phantasmal warrior
 10587 | Gauntlet | Slain by a freezing wraith

Skill      XL: |  1  2  3  4  5  6  7  8  9 10 11 |
---------------+----------------------------------+-----
Dodging        | 3 4 5 6 7 8 |  8.5
Conjurations   | 2 3 4 5 6 7 |  7.6
Fire Magic     | 1 3 4 6 7 9 10 | 10.1
Air Magic      | 1 3 4 5 7 8 10 | 10.0
Spellcasting   | 5 6 7 8 |  8.7
Fighting       | 1 2 3 4 5 |  5.0
Evocations     | 2 3 4 5 |  5.7
Staves         | 1 3 4 |  4.5
Shields        | 2 |  2.5
Stealth        | |  1.5
Summonings     | |  1.1
Translocations | |  1.1

Action                   |  1- 3 |  4- 6 |  7- 9 | 10-12 || total
-------------------------+-------+-------+-------+-------++-------
Melee: Whip              |     4 |       |       |       ||     4
       Staff             |       |       |     6 |       ||     6
       Short sword       |       |       |     3 |    11 ||    14
 Cast: Magic Dart        |   117 |   146 |   298 |   143 ||   704
       Conjure Flame     |     3 |     5 |    25 |    50 ||    83
       Mephitic Cloud    |     2 |     7 |    27 |    28 ||    64
       Blink             |       |       |     1 |     7 ||     8
       Shock             |       |       |       |   147 ||   147
       Sticky Flame      |       |       |       |     8 ||     8
       Searing Ray       |       |       |       |     4 ||     4
       Lightning Bolt    |       |       |       |     2 ||     2
Evoke: Wand              |       |       |     3 |     4 ||     7
       Lamp of fire      |       |       |       |     1 ||     1
  Use: Scroll            |     1 |     5 |     3 |    11 ||    20
       Potion            |       |       |       |     2 ||     2
 Stab: Confused          |       |       |       |     1 ||     1
  Eat: Chunk             |       |     5 |     7 |     7 ||    19
       Ration            |       |     1 |     2 |     2 ||     5
Armor: Skin              |    17 |    18 |    10 |     9 ||    54
Dodge: Dodged            |    58 |    74 |    63 |    79 ||   274
Block: Other             |    12 |    21 |    70 |    81 ||   184
       Reflection        |       |     4 |    11 |     6 ||    21
